 Dungeon Crawl Stone Soup version 0.31-a0-700-gf13585253f (webtiles) character file.

Game seed: 10195970733743522029

267 qw the Shooter (level 6, -1/38 HPs)
             Began as a Gargoyle Hunter on Sept 7, 2023.
             Was an Initiate of Okawaru.
             Slain by an orc priest
             ... wielding a +0 flail
              (2 damage)
             ... on level 4 of the Dungeon.
             The game lasted 00:01:12 (2514 turns).

qw the Shooter (Gargoyle Hunter)                    Turns: 2514, Time: 00:01:12

Health: -1/38      AC: 13    Str: 15    XL:     6   Next: 21%
Magic:  6/6        EV: 11    Int:  9    God:    Okawaru [......]
Gold:   100        SH:  0    Dex: 15    Spells: 5/5 levels left

rFire   . . .        Y - +0 shortbow
rCold   + . .        (shield currently unavailable)
rNeg    + . .        j - +0 ring mail
rPois   inf          g - +0 helmet
rElec   +            (no cloak)
rCorr   .            i - +2 pair of gloves
SInv    .            (no boots)
Will    .....        b - amulet of faith
Stlth   +            f - ring of protection from cold
HPRegen 0.26/turn    (no ring)
MPRegen 0.10/turn

%: faith
@: no status effects
A: sickness immunity, AC +4, negative energy resistance 1, electricity
resistance, torment resistance 1, petrification resistance
a: Renounce Religion


You were on level 4 of the Dungeon.
You worshipped Okawaru.
Okawaru was noncommittal.
You visited 1 branch of the dungeon, and saw 4 of its levels.

You collected 100 gold pieces.


Innate Abilities, Weirdness & Mutations

You are immune to sickness and miasma.
Your stone body is resilient. (AC +4)
You are immune to poison.
You resist negative energy. (rN+)
You are resistant to electric shocks. (rElec)
You are resistant to unholy torment.
You are immune to petrification.


   Skills:
 - Level 4.0 Fighting
 + Level 6.4 Ranged Weapons
 - Level 1.0 Armour
 - Level 1.5 Dodging
 - Level 1.1 Stealth


You had 5 spell levels left.
You didn't know any spells.
Your spell library was empty.

Inventory:

Hand Weapons
 Y - a +0 shortbow (weapon)
Armour
 g - a +0 helmet (worn)
 i - a +2 pair of gloves (worn)
 j - a +0 ring mail (worn)
Jewellery
 b - an amulet of faith (around neck)
 f - a ring of protection from cold (left hand)
Scrolls
 a - a scroll of identify
Potions
 d - a potion of curing {unknown}
 e - a potion of mutation
 h - a potion of magic {unknown}
 l - a potion of enlightenment {unknown}

Dungeon Overview and Level Annotations

Branches:
Dungeon (4/15)
 Temple: D:4-7

Altars:
Ashenzari
Dithmenos
Okawaru


Message History

You shoot an arrow. The arrow hits the orc priest!
The orc priest is severely wounded.
The orc wizard hits you but does no damage.
The orc priest hits you but does no damage.
You shoot an arrow. The arrow barely misses the orc priest.
The orc wizard closely misses you.
The orc priest hits you with a +0 flail.
You shoot an arrow.
The arrow hits the orc priest but does no damage.
The orc priest is severely wounded.
The orc wizard closely misses you. The orc priest closely misses you.
You shoot an arrow.
The arrow hits the orc priest but does no damage.
The orc priest is severely wounded.
The orc wizard hits you but does no damage.
The orc priest hits you but does no damage.
The orc priest closely misses you. The orc wizard closely misses you.
You shoot an arrow. The arrow barely misses the orc priest.
The orc wizard hits you but does no damage.
The orc priest hits you with a +0 flail.
You shoot an arrow.
The arrow hits the orc priest but does no damage.
The orc priest is severely wounded.
The orc wizard hits you but does no damage.
The orc priest hits you but does no damage.
You shoot an arrow. The arrow hits the orc priest.
The orc priest is almost dead.
The orc wizard completely misses you.
The orc priest looks braver for a moment.
You shoot an arrow.
The arrow hits the orc priest but does no damage.
The orc priest is almost dead.
The orc priest closely misses you.
The orc wizard hits you but does no damage.
You shoot an arrow.
The arrow hits the orc priest but does no damage.
The orc priest is almost dead.
The orc wizard hits you with a +0 dagger.
The orc priest hits you with a +0 flail.
You die...

#..#. #...#
#...# #...#####
#........
#........
#.o......
#@o......
...............
...#####.......
....... ......#
.....## ....##
...##


You could see an orc priest and an orc wizard.

Vanquished Creatures
  2 orc priests (D:3)
  A sleepcap (D:3)
  An orc wizard (D:3)
  Robin (D:2)
  3 gnolls (D:3)
  4 adders
  3 worms
  2 dart slugs
  5 orcs (D:3)
  3 endoplasms
  5 giant cockroaches
  9 goblins
  9 hobgoblins
  2 quokkas
  6 ball pythons
  4 bats (D:1)
  2 frilled lizards
  5 kobolds
  3 rats
70 creatures vanquished.

Notes
Turn   | Place    | Note
-------+----------+-------------------------------------------
     0 | D:1      | qw the Gargoyle Hunter began the quest for the Orb.
     0 | D:1      | Reached XP level 1. HP: 12/12 MP: 1/1
     0 | D:1      | 0 ||| qw: Version: 0.3-a-76-g4403597
     0 | D:1      | 0 ||| qw: Game counter: 485
     0 | D:1      | 0 ||| qw: Melee chars always use a shield: true
     0 | D:1      | 0 ||| qw: God list: Okawaru
     0 | D:1      | 0 ||| qw: Allow faded altars: false
     0 | D:1      | 0 ||| qw: Do Orc after clearing Dungeon:15 true
     0 | D:1      | 0 ||| qw: Do second Lair branch before Depths: true
     0 | D:1      | 0 ||| qw: Lair rune preference: random
     0 | D:1      | 0 ||| qw: Goals: Normal
     0 | D:1      | 0 ||| PLANNING D:1-11
    68 | D:1      | Reached XP level 2. HP: 13/17 MP: 2/2
   608 | D:1      | 608 ||| UPGRADING to +2 pair of gloves.
   613 | D:1      | 613 ||| DROPPING +6 ring of intelligence.
   614 | D:1      | 614 ||| READING 4 scrolls labelled BYNGAF HIBER.
   615 | D:1      | 615 ||| READING scroll labelled DAKUUK UFRARE.
   616 | D:1      | 616 ||| READING scroll labelled GUYNGO MORIQEN.
   621 | D:1      | 621 ||| READING 3 scrolls of identify.
   621 | D:1      | 621 ||| IDENTIFYING sedimented red potion
   622 | D:1      | 622 ||| DROPPING scroll of butterflies.
   834 | D:2      | Reached XP level 3. HP: 21/21 MP: 3/3
   865 | D:2      | Reached skill level 5 in Ranged Weapons
   898 | D:2      | Noticed Robin
   923 | D:2      | HP: 5/22 [hobgoblin[Robin] (4)]
   928 | D:2      | HP: 5/22 [hobgoblin[Robin] (2)]
   931 | D:2      | Killed Robin
   932 | D:2      | Reached skill level 3 in Fighting
   932 | D:2      | Reached XP level 4. HP: 4/28 MP: 4/4
   933 | D:2      | HP: 3/28 [hobgoblin[Robin] (2)]
  1093 | D:2      | Found a faded altar of an unknown god.
  1465 | D:2      | 1465 ||| UPGRADING to +0 helmet.
  1470 | D:2      | 1470 ||| UPGRADING to ring of protection from cold.
  1471 | D:2      | 1471 ||| READING scroll labelled XESOPSATWOU.
  1472 | D:2      | 1472 ||| READING scroll labelled REFIYHED XOR.
  1473 | D:2      | 1473 ||| DRINKING 2 glowing yellow potions.
  1509 | D:2      | 1509 ||| READING 3 scrolls of identify.
  1509 | D:2      | 1509 ||| IDENTIFYING fuming purple potion
  1510 | D:2      | 1510 ||| READING 2 scrolls of identify.
  1510 | D:2      | 1510 ||| IDENTIFYING lumpy purple potion
  1511 | D:2      | 1511 ||| DROPPING potion of ambrosia.
  1512 | D:2      | 1512 ||| DROPPING potion of brilliance.
  1513 | D:2      | 1513 ||| DROPPING potion of lignification.
  1700 | D:3      | 1700 ||| STAIRDANCE
  1738 | D:3      | Reached skill level 1 in Armour
  1907 | D:3      | Found a shadowy altar of Dithmenos.
  1919 | D:3      | Reached XP level 5. HP: 32/32 MP: 5/5
  1939 | D:3      | Reached skill level 6 in Ranged Weapons
  1993 | D:3      | Found a broken altar of Ashenzari.
  2029 | D:3      | Identified the +6 falchion of Wuymakk {flame, +Blink}
  2152 | D:3      | 2152 ||| Stepping ~*~*~tactically~*~*~ (outnumbered).
  2153 | D:3      | 2153 ||| Stepping ~*~*~tactically~*~*~ (outnumbered).
  2180 | D:3      | Found an iron altar of Okawaru.
  2181 | D:3      | 2181 ||| PLANNING OKAWARU WORSHIP
  2181 | D:3      | 2181 ||| UPGRADING to +0 ring mail.
  2191 | D:3      | 2191 ||| DROPPING +0 leather armour.
  2192 | D:3      | 2192 ||| UPGRADING to amulet of faith.
  2197 | D:3      | 2197 ||| READING scroll labelled ASORIFFOQO.
  2198 | D:3      | 2198 ||| DRINKING 3 dark potions.
  2206 | D:3      | Became a worshipper of Warmaster Okawaru
  2207 | D:3      | 2207 ||| PLANNING D:1-11
  2286 | D:4      | 2286 ||| STAIRDANCE
  2303 | D:4      | 2303 ||| STAIRDANCE
  2310 | D:4      | 2310 ||| STAIRDANCE
  2377 | D:4      | 2377 ||| STAIRDANCE
  2394 | D:3      | Reached XP level 6. HP: 33/38 MP: 6/6
  2414 | D:4      | 2414 ||| STAIRDANCE
  2423 | D:3      | HP: 7/38 [orc priest/nerve-wracking pain (4)]
  2424 | D:3      | 2424 ||| DRINKING 2 potions of heal wounds.
  2438 | D:3      | HP: 5/38 [orc priest/+2 mace of protection (7)]
  2439 | D:3      | 2439 ||| DRINKING potion of heal wounds.
  2491 | D:4      | 2491 ||| STAIRDANCE
  2493 | D:4      | 2493 ||| STAIRDANCE
  2507 | D:4      | HP: 6/38 [orc priest/+0 flail (4)]
  2510 | D:4      | HP: 2/38 [orc priest/+0 flail (5)]
  2514 | D:4      | Slain by an orc priest

Levels and vault maps discovered:
D:1:      dpeg_arrival_tiny_a, layout_rooms, serial_aquarium,
          aquarium_bridge_straight [aquarium_subvault_bridge,
          aquarium_subvault_wall, aquarium_subvault_bridge,
          aquarium_subvault_wall], aquarium_window_2, aquarium_window_3,
          aquarium_window_1, aquarium_window_double, aquarium_view_2a,
          aquarium_pool_side, serial_bayou_pond_d
D:2:      layout_loops_cross, nicolae_ecumenical_oubliette,
          minmay_quadrilaterals, uniq_robin
D:3:      layout_rooms, evilmike_ruin_ashenzari, okawaru_altar_gauntlet_db,
          nicolae_overflow_hidden_temple, lemuel_crystal_altar
D:4:      layout_cave_pods, mainiacjoe_overflow_boulevard,
          nicolae_qazlal_scattered_showers

Skill      XL: |  1  2  3  4  5 |
---------------+----------------+-----
Ranged Weapons | 5 6 |  6.4
Fighting       | 3 4 |  4.0
Armour         | 1 |  1.0
Dodging        | |  1.5
Stealth        | |  1.1

Action                     |  1- 3 |  4- 6 || total
---------------------------+-------+-------++-------
   Fire: Shortbow          |   110 |   172 ||   282
    Use: Scroll            |     4 |     5 ||     9
         Potion            |       |     4 ||     4
 Armour: Leather armour    |    62 |    40 ||   102
         Ring mail         |       |    62 ||    62
  Dodge: Dodged            |    53 |    75 ||   128

Table legend:
 A = Non-vault XP
 B = Vault XP
 C = Vault XP percentage of total XP
 D = Non-vault monster count
 E = Vault monster count
 F = Vault count percentage of total count
                 A         B        C        D         E       F
            +---------+---------+-------+---------+---------+-------
      Total |     281 |     101 |  26.4 |      49 |      21 |  30.0
            +---------+---------+-------+---------+---------+-------
        D:1 |      27 |       0 |   0.0 |      17 |       0 |   0.0
        D:2 |      54 |      52 |  49.1 |      14 |      15 |  51.7
        D:3 |     200 |      49 |  19.7 |      18 |       6 |  25.0
            +---------+---------+-------+---------+---------+-------
